 Dungeon Crawl Stone Soup version 0.23.2-33-g5129a83184 (webtiles) character file.

Game seed: 15435876173085961092

78 FishyPogo the Skirmisher (level 4, -2/45 HPs)
             Began as a Troll Abyssal Knight on Aug 2, 2019.
             Was a Believer of Lugonu.
             Slain by a goblin (6 damage)
             ... led by Robin
             ... on level 2 of the Dungeon on Aug 3, 2019.
             The game lasted 00:09:46 (1384 turns).

FishyPogo the Skirmisher (Troll Abyssal Knight)     Turns: 1384, Time: 00:09:47

Health: -2/45      AC:  6    Str: 21    XL:     4   Next: 15%
Magic:  0/4        EV: 10    Int:  8    God:    Lugonu [**....]
Gold:   89         SH:  0    Dex:  9    Spells: 3/3 levels left

rFire    . . .     SeeInvis .   a - +1 short sword
rCold    . . .     Gourm    +   (no shield)
rNeg     . . .     Faith    .   j - +0 robe
rPois    .         Spirit   .   (helmet restricted)
rElec    .         Reflect  .   (no cloak)
rCorr    .         Harm     .   (gloves unavailable)
MR       .....                  (boots unavailable)
Stlth    +.........             (no amulet)
HPRegen  0.55/turn              (no ring)
MPRegen  0.09/turn              (no ring)

@: no status effects
A: large, unfitting armour, claws 3, fast metabolism 3, gourmand, regeneration
1, shaggy fur 1, tough skin 3
a: Depart the Abyss, Bend Space, Renounce Religion


You were on level 2 of the Dungeon.
You worshipped Lugonu.
Lugonu was pleased with you.
You were completely stuffed.

You visited 1 branch of the dungeon, and saw 2 of its levels.
You visited the Abyss 1 time.

You collected 89 gold pieces.

Inventory:

Hand Weapons
 a - a +1 short sword (weapon)
Missiles
 d - 68 stones (quivered)
 i - 5 javelins
Armour
 j - a +0 robe (worn)
Scrolls
 b - 2 scrolls of amnesia {unknown}
 e - 2 scrolls of fear {unknown}
 f - a scroll of blinking {unknown}
 h - 2 scrolls of identify {unknown}
 l - a scroll of magic mapping {unknown}
Potions
 g - a potion of magic {unknown}
 m - a potion of mutation {unknown}
Comestibles
 c - 2 rations
 k - 7 chunks of flesh


   Skills:
 * Level 3.1 Fighting
 - Level 2.0 Short Blades
 + Level 1.1 Throwing
 + Level 2.3 Dodging
 + Level 2.1 Invocations


You had 3 spell levels left.
You didn't know any spells.
Your spell library was empty.

Dungeon Overview and Level Annotations

Branches:
Dungeon (2/15)

Altars:
Ashenzari
Okawaru
Qazlal
Ru
Yredelemnul

Annotations:
D:2 Robin


Innate Abilities, Weirdness & Mutations

You are too large for most types of armour.
You have claws for hands.
Your metabolism is lightning-fast.
You like to eat raw meat.
Your natural rate of healing is unusually fast.
You are covered in fur. (AC +1)
You have extremely tough skin. (AC +3)


Message History

The goblin barely misses you. The goblin hits you but does no damage.
The goblin closely misses you.
You closely miss the goblin.
The goblin is heavily wounded.
The goblin no longer looks unusually strong. x2
The goblin closely misses you. The goblin barely misses you.
The goblin hits you but does no damage. The goblin barely misses you. x2
You closely miss the goblin.
The goblin is heavily wounded.
The goblin no longer looks unusually strong.
The goblin hits you with a +0 dagger.
* * * LOW HITPOINT WARNING * * *
The goblin closely misses you. The goblin barely misses you.
The goblin hits you.
* * * LOW HITPOINT WARNING * * *
The goblin hits you but does no damage.
You barely miss the goblin.
The goblin is heavily wounded.
The goblin hits you but does no damage. x3; The goblin hits you.
You die...

#...... ###### #.....#
#####....######.....##
#...'........ ........
#.###....## ##......
#.###g...# #.......
#.#.ggg..# ###.#.....
#.#gggg### #.._......
#.#gg@g# ##.#.#.....
#.##########..#.......
#.....................
################......
#.....# #######


You could see Robin, a hobgoblin and 9 goblins.

Vanquished Creatures
  4 adders (D:2)
  3 dart slugs
  A leopard gecko (D:1)
  A giant cockroach (D:2)
  2 goblins (D:2)
  10 hobgoblins
  3 jackals
  5 kobolds
  A quokka (D:2)
  A bat (D:1)
  2 rats (D:1)
33 creatures vanquished.

Notes
Turn   | Place    | Note
-------+----------+-------------------------------------------
     0 | Abyss:1  | FishyPogo the Troll Abyssal Knight began the quest for the
                  | Orb.
     0 | Abyss:1  | Reached XP level 1. HP: 22/22 MP: 1/1
    51 | Abyss:1  | Noticed a small abomination
    78 | Abyss:1  | Noticed a small abomination
    81 | D:1      | Escaped the Abyss
   184 | D:1      | Reached * piety under Lugonu
   435 | D:1      | Reached XP level 2. HP: 29/29 MP: 2/2
   896 | D:2      | Reached XP level 3. HP: 36/36 MP: 3/3
   904 | D:2      | Found a shattered altar of Ashenzari.
  1007 | D:2      | Reached skill level 3 in Fighting
  1147 | D:2      | Reached skill level 1 in Throwing
  1168 | D:2      | Found a stormy altar of Qazlal.
  1170 | D:2      | Found a sacrificial altar of Ru.
  1263 | D:2      | Found a basalt altar of Yredelemnul.
  1265 | D:2      | Noticed a profane servitor
  1287 | D:2      | Reached XP level 4. HP: 39/45 MP: 4/4
  1324 | D:2      | Reached ** piety under Lugonu
  1333 | D:2      | Found an iron altar of Okawaru.
  1367 | D:2      | Noticed Robin
  1384 | D:2      | Slain by a goblin

Skill      XL: |  1  2  3 |
---------------+----------+-----
Dodging        | 2 |  2.3
Short Blades   | 2 |  2.0
Fighting       | 3 |  3.1
Invocations    | 2 |  2.1
Throwing       | 1 |  1.1

Action                   |  1- 3 |  4- 6 || total
-------------------------+-------+-------++-------
Melee: Short sword       |   135 |    21 ||   156
Throw: Stone             |    17 |     4 ||    21
Invok: Depart the Abyss  |     1 |       ||     1
       Bend Space        |       |     5 ||     5
  Eat: Chunk             |    17 |     1 ||    18
Armor: Robe              |    58 |    16 ||    74
Dodge: Dodged            |    89 |    33 ||   122
